 Dungeon Crawl Stone Soup version 0.22.0-5-gf09313c (webtiles) character file.

333 George the Chopper (level 6, 0/56 HPs)
             Began as a Hill Orc Fighter on Aug 13, 2018.
             Slain by a scorpion (2 damage)
             ... on level 4 of the Dungeon.
             The game lasted 00:02:54 (2640 turns).

George the Chopper (Hill Orc Fighter)               Turns: 2640, Time: 00:02:55

Health: 0/56       AC:  7    Str: 21    XL:     6   Next: 53%
Magic:  6/6        EV:  7    Int:  8    God:
Gold:   213        SH:  9    Dex: 10    Spells: 5/5 levels left

rFire    . . .     SeeInvis .   a - +0 war axe
rCold    . . .     Gourm    .   c - +0 shield
rNeg     . . .     Faith    .   b - +0 scale mail
rPois    .         Spirit   .   (no helmet)
rElec    .         Reflect  .   (no cloak)
rCorr    .         Harm     .   (no gloves)
MR       +....                  (no boots)
Stlth    ..........             (no amulet)
HPRegen  0.18/turn              h - ring of protection from magic
MPRegen  0.10/turn              (no ring)

@: lethally poisoned (0 -> -23)
A: no striking features
a: Convert to Beogh


You were on level 4 of the Dungeon.
You were not hungry.

You visited 1 branch of the dungeon, and saw 4 of its levels.

You collected 213 gold pieces.

Inventory:

Hand Weapons
 a - a +0 war axe (weapon)
Armour
 b - a +0 scale mail (worn)
 c - a +0 shield (worn)
Jewellery
 h - a ring of protection from magic (left hand)
Scrolls
 e - 3 scrolls of identify {unknown}
 g - 2 scrolls of teleportation {unknown}
 j - a scroll of remove curse {unknown}
 k - a scroll of enchant weapon {unknown}
 l - a scroll of amnesia {unknown}
 m - 2 scrolls of magic mapping {unknown}
Potions
 i - a potion of brilliance {unknown}
 n - a potion of heal wounds {unknown}
Comestibles
 f - 7 rations


   Skills:
 + Level 5.2 Fighting
 * Level 6.5 Axes
 + Level 4.8 Armour
 - Level 3.2 Shields


You had 5 spell levels left.
You didn't know any spells.
Your spell library was empty.

Dungeon Overview and Level Annotations

Branches:
Dungeon (4/15)
 Temple: D:4-7

Altars:
Ashenzari
Trog
Uskayaw


Message History

The scorpion poisons you!
The orc priest hits you but does no damage.
You hit the orc priest but do no damage.
The orc priest is almost dead.
You barely miss the scorpion.
* * * LOW HITPOINT WARNING * * *
You feel sick. The scorpion stings you.
* * * LOW HITPOINT WARNING * * *
You are more poisoned.
The scorpion poisons you!
The orc priest looks satisfied for a moment.
You slash the orc priest!
You kill the orc priest!
You closely miss the scorpion.
* * * LOW HITPOINT WARNING * * *
You feel very sick. The scorpion stings you.
* * * LOW HITPOINT WARNING * * *
The scorpion stings you.
You die...

#..####.####.#
#..##.....##.#
#[.#.......#.#
#..#......รท#.##
#......_......#
#..#.......#..#
#########..#.......#..#
.........os##.....##..#
.o.....###@####.####..#
...o..> #............#
#####.. ###......##..#
### ##.##....##
#.##.#### ## #. #.# ..
#.# #. #.# #.##


You could see a scorpion and an orc priest.

Vanquished Creatures
  A scorpion (D:4)
  A crimson imp (D:3)
  A bullfrog zombie (D:4)
  2 orc priests
  2 iguanas (D:4)
  3 adders
  A worm (D:2)
  A dart slug (D:2)
  3 leopard geckos
  4 orcs
  2 ball pythons
  9 bats
  2 giant cockroaches
  12 goblins
  7 hobgoblins
  2 jackals (D:4)
  5 frilled lizards
  7 kobolds
  8 rats
73 creatures vanquished.

Notes
Turn   | Place    | Note
-------+----------+-------------------------------------------
     0 | D:1      | George the Hill Orc Fighter began the quest for the Orb.
     0 | D:1      | Reached XP level 1. HP: 19/19 MP: 1/1
    97 | D:1      | Reached skill level 3 in Axes
   144 | D:1      | Reached XP level 2. HP: 24/27 MP: 2/2
  1036 | D:2      | Reached XP level 3. HP: 26/33 MP: 3/3
  1216 | D:2      | Reached skill level 4 in Axes
  1231 | D:2      | Found a bloodstained altar of Trog.
  1327 | D:2      | Found a hide-covered altar of Uskayaw.
  1558 | D:3      | Reached XP level 4. HP: 26/41 MP: 4/4
  1897 | D:3      | Reached skill level 5 in Axes
  1897 | D:3      | Reached XP level 5. HP: 47/47 MP: 5/5
  2261 | D:4      | Reached skill level 5 in Fighting
  2261 | D:4      | Reached skill level 6 in Axes
  2261 | D:4      | Reached XP level 6. HP: 8/56 MP: 6/6
  2590 | D:4      | Found a shattered altar of Ashenzari.
  2640 | D:4      | HP: 2/56 [scorpion (2)]
  2640 | D:4      | Slain by a scorpion

Skill      XL: |  1  2  3  4  5 |
---------------+----------------+-----
Axes           | 3 4 5 6 |  6.5
Fighting       | 4 5 |  5.2
Armour         | 4 |  4.8
Shields        | |  3.2

Action                   |  1- 3 |  4- 6 || total
-------------------------+-------+-------++-------
Melee: War axe           |   129 |   103 ||   232
  Use: Potion            |       |     1 ||     1
  Eat: Chunk             |     2 |     4 ||     6
Armor: Scale mail        |    57 |    44 ||   101
Dodge: Dodged            |    41 |    36 ||    77
Block: Shield            |    69 |    68 ||   137
